 Dungeon Crawl Stone Soup version 0.30-a0-557-ge2afbf3030 (webtiles) character file.

Game seed: 13655067686505539372

2665 cforsyth the Ruffian (level 9, -1/75 (77) HPs)
             Began as a Yellow Draconian Transmuter on Dec 27, 2022.
             Slain by Psyche
             ... wielding a +4 dagger of chaos
              (7 damage)
             ... on level 8 of the Dungeon.
             The game lasted 00:10:56 (7452 turns).

cforsyth the Ruffian (Yellow Draconian Transmuter)  Turns: 7452, Time: 00:10:57

HP:   -1/75 (77)    AC:  9    Str: 14 (17) XL:     9   Next: 36%
MP:   0/17          EV: 22    Int: 11 (13) God:
Gold: 524           SH:  0    Dex: 10 (12) Spells: 17/18 levels left

rFire   + . .      SeeInvis .      - Unarmed
rCold   + . .      Faith    .    (no shield)
rNeg    . . .      Spirit   +    (body armour unavailable)
rPois   +          Reflect  .    (helmet restricted)
rElec   +          Harm     .    w - +1 cloak {Stlth+}
rCorr   +          Rampage  .    (no gloves)
Will    .....                    (no boots)
Stlth   ++                       q - amulet of guardian spirit
HPRegen 0.32/turn                n - +4 ring of evasion
MPRegen 0.15/turn                (no ring)

@: agile, resistant, lightly drained
A: spit acid, AC +7, unfitting armour, cold-blooded, acid resistance
a: Breathe Acid


You were on level 8 of the Dungeon.
You visited 1 branch of the dungeon, and saw 9 of its levels.

You collected 524 gold pieces.

Inventory:

Missiles
 E - a throwing net
Armour
 w - a +1 cloak of stealth (worn)
Jewellery
 n - a +4 ring of evasion (left hand)
 q - an amulet of guardian spirit (around neck)
 s - an amulet of magic regeneration
 y - a ring of wizardry
Wands
 B - a wand of flame (36)
Scrolls
 b - 4 scrolls of poison {unknown}
 c - a scroll of blinking {unknown}
 f - 2 scrolls of fear {unknown}
 g - 2 scrolls of fog {unknown}
 h - 3 scrolls of amnesia {unknown}
 i - a scroll of magic mapping {unknown}
 j - a scroll of teleportation {unknown}
 k - 2 scrolls of torment {unknown}
 l - 2 scrolls of enchant armour {unknown}
 m - 2 scrolls of identify {unknown}
 o - a scroll of immolation {unknown}
 r - 2 scrolls of enchant weapon {unknown}
 z - 2 scrolls of vulnerability {unknown}
 A - a scroll of silence {unknown}
Potions
 a - 4 potions of lignification
 d - 2 potions of ambrosia
 e - a potion of haste {unknown}
 p - a potion of magic {unknown}
 t - a potion of curing
 u - a potion of degeneration
 v - 2 potions of berserk rage {unknown}
 x - a potion of invisibility {unknown}
 C - a potion of might {unknown}
 D - a potion of heal wounds {unknown}


   Skills:
 + Level 6.3 Fighting
 + Level 5.7 Dodging
 + Level 6.5 Unarmed Combat
 + Level 5.4 Spellcasting
 + Level 5.8 Transmutations


You had 17 spell levels left.
You knew the following spells:

 Your Spells              Type           Power      Damage    Failure   Level
a - Beastly Appendage     Tmut           30%        N/A       1%          1

Your spell library contained the following spells:

 Spells                   Type           Power      Damage    Failure   Level
 Wereblood                Tmut           15%        N/A       2%          2
 Spider Form              Tmut/Pois      9%         N/A       19%         3
 Freeze                   Ice            8%         1d3       21%         1
 Kiss of Death            Conj/Necr      8%         2d6       21%         1
 Confusing Touch          Hex            2%         N/A       52%         3
 Dazzling Flash           Conj/Hex       4%         N/A       52%         3
 Frozen Ramparts          Ice            4%         1d1       52%         3
 Hailstorm                Conj/Ice       2%         3d3       52%         3
 Ice Form                 Ice/Tmut       9%         N/A       52%         4
 Dispel Undead            Necr           2%         3d7       90%         4
 Agony                    Necr           2%         N/A       99%         5
 Silence                  Hex/Air        1%         N/A       99%         5
 Chain Lightning          Conj/Air       1%         3d1       100%        9
 Fire Storm               Conj/Fire      1%         7d1       100%        9
 Shatter                  Erth           1%         3d5*      100%        9


Dungeon Overview and Level Annotations

Branches:
Dungeon (9/15)             Temple (0/1) D:4
   Lair: D:8-11         Orc: D:9-12

Altars:
Hepliaklqana
Kikubaaqudgha
Makhleb
Trog
Wu Jian
Zin

Shops:
D:4 *

Annotations:
D:8 Psyche


Innate Abilities, Weirdness & Mutations

You can spit globs of acid.
Your golden yellow scales are hard. (AC +7)
You cannot fit into any form of body armour.
You are cold-blooded and may be slowed by cold attacks.
You are resistant to acid. (rCorr)


Message History

Unknown command.
It was a potion of curing.
You feel better.
You feel less invigorated. Something hits you.
You feel drained.
You miss something. Something hits you. Something burns you.
Something hits you.
* * * LOW HITPOINT WARNING * * *
Unknown command.
You barely miss something. Something hits you.
* * * LOW HITPOINT WARNING * * *
You feel agile all of a sudden.
You barely miss something.
You hear some strange, mumbled words.
A swirling arc of seething chaos appears!
An arc of chaos appears from out of thin air!
The arc of chaos hits you. You resist.
* * * LOW HITPOINT WARNING * * *
You closely miss something. Something barely misses you.
You hit something.
You hear some strange, mumbled words.
A swirling arc of seething chaos appears!
An arc of chaos appears from out of thin air!
The arc of chaos hits you. You resist.
* * * LOW HITPOINT WARNING * * *
You miss something. Something barely misses you.
You hit something. Something hits you!
* * * LOW HITPOINT WARNING * * *
You barely miss something. Something hits you!
* * * LOW HITPOINT WARNING * * *
Unknown command.
Press: ? - help, v - describe, . - travel The floor, spattered with blood.
Unknown command.
It was a potion of degeneration.
There was something very wrong with that liquid.
You feel weakened.
You feel dopey.
You feel clumsy.
You feel less porcine.
Your +1 cloak of stealth unmelds from your body.
Your +4 ring of evasion unmelds from your body.
You feel stealthy. Something hits you!
You die...

#####.# #........# #.# #.....#
#..####### #.# #.##### #..# #.#
#.# #..###########.# #.#
#...........##.### #.#
##.########.##.... #.# #.#
#....... #.# #####.######
####.... #.# #..{@......# ##.##
..# #.###.####.#######.## #.# #.#
#.# #.##........ #.# #.# #.#
#.##.####.## #.## #.###.####.##.#
#.# #..# #.......##.##.# #.##
##.# ######.......##.##.# #...
##.#####............##.##.######.
.......#.####..........##......#.


There were no monsters in sight!

Vanquished Creatures
  2 steam dragons
  A water moccasin (D:6)
  3 black bears
  3 ice beasts
  2 orc warriors (D:8)
  2 ogres (D:6)
  2 phantoms
  5 bullfrogs
  2 necrophages (D:7)
  2 scorpions (D:5)
  A vampire bat (D:7)
  A howler monkey (D:8)
  A jelly (D:5)
  Jessica (D:2)
  A gnoll bouda (D:6)
  Terence (D:3)
  3 iguanas
  3 orc wizards
  11 gnolls
  10 adders
  A shadow imp (D:6)
  4 white imps
  2 ufetubi
  A worm (D:2)
  2 dart slugs
  12 orcs
  6 ball pythons
  13 bats
  7 endoplasms
  4 goblins
  4 hobgoblins
  14 jackals
  7 quokkas
  2 frilled lizards (D:2)
  8 kobolds
  A rat (D:2)
145 creatures vanquished.

Notes
Turn   | Place    | Note
-------+----------+-------------------------------------------
     0 | D:1      | cforsyth the Draconian Transmuter began the quest for the
                  | Orb.
     0 | D:1      | Reached XP level 1. HP: 16/16 MP: 3/3
   142 | D:1      | Reached XP level 2. HP: 21/23 MP: 3/5
   414 | D:1      | Found a faded altar of an unknown god.
   772 | D:2      | Reached XP level 3. HP: 18/29 MP: 4/6
  1015 | D:2      | You fall into a shaft and drop 1 floor!
  1020 | D:3      | Noticed Terence
  1027 | D:3      | Killed Terence
  1028 | D:3      | Reached XP level 4. HP: 29/37 MP: 5/7
  1483 | D:2      | Found a hazy altar of Hepliaklqana.
  1820 | D:2      | Noticed Jessica
  1831 | D:2      | Killed Jessica
  2111 | D:3      | Reached XP level 5. HP: 42/42 MP: 6/8
  2653 | D:4      | Found Neistrorr's Neck Hole.
  2781 | D:4      | Noticed a black bear
  2794 | D:4      | Killed a black bear
  2795 | D:4      | Reached XP level 6. HP: 17/51 MP: 2/10
  3087 | D:4      | Found an ornate altar of the Wu Jian Council.
  3118 | D:4      | Noticed an ice beast
  3128 | D:4      | Killed an ice beast
  3298 | D:4      | Found a staircase to the Ecumenical Temple.
  3570 | D:5      | Entered Level 5 of the Dungeon
  3657 | D:5      | Found an ancient bone altar of Kikubaaqudgha.
  3706 | D:5      | Found a glowing silver altar of Zin.
  3729 | D:5      | Your scales start taking on a golden yellow colour.
  3729 | D:5      | Reached XP level 7. HP: 28/58 MP: 5/12
  3729 | D:5      | Gained mutation: You are resistant to acid. (rCorr) [Yellow
                  | Draconian growth]
  4469 | D:6      | Reached skill level 5 in Unarmed Combat
  4550 | D:6      | Noticed a steam dragon
  4561 | D:6      | Killed a steam dragon
  4582 | D:6      | Reached XP level 8. HP: 51/67 MP: 11/13
  4931 | D:6      | Found a bloodstained altar of Trog.
  4942 | D:6      | Reached skill level 5 in Fighting
  5223 | D:6      | Found a burning altar of Makhleb.
  5715 | D:7      | Reached skill level 5 in Dodging
  5715 | D:7      | Reached skill level 5 in Transmutations
  6062 | D:7      | Reached XP level 9. HP: 71/75 MP: 13/16
  6093 | D:7      | Reached skill level 5 in Spellcasting
  7420 | D:9      | Noticed Psyche
  7452 | D:8      | Slain by Psyche

Illustrated notes

Levels and vault maps discovered:
D:1:      saegor_arrival_simple_d, layout_rooms,
          dreamdust_ecumenical_altar_angels_and_demons, minmay_unequal
D:2:      layout_basic, basic_altar, uniq_jessica
D:3:      layout_loops_ring, uniq_terence
D:4:      layout_gridville, nzn_wu_jian_contemplation, temple_pool_b,
          glass_columns_a, grunt_decor_junction, chequers_serial_rivers_large_a,
          nicolae_shop_sticking_my_neck_out
D:5:      layout_gridville, mainiacjoe_overflow_catwalk_spiral
D:6:      layout_basic, lemuel_tele_altar, kennysheep_mini_moat
D:7:      layout_loops_ring, roderic_batcave, item_on_display_a
D:8:      layout_loops_ring, kennysheep_generic_room_9
D:9:      layout_long_grid, erik_lair_dragon, serial_shops,
          nicolae_shop_advertising_works [nicolae_subvault_shop_adworks],
          uniq_psyche

Skill      XL: |  1  2  3  4  5  6  7  8  9 |
---------------+----------------------------+-----
Dodging        | 2 3 4 5 |  5.7
Fighting       | 2 3 4 5 6 |  6.3
Unarmed Combat | 4 5 6 |  6.5
Transmutations | 3 4 5 |  5.8
Spellcasting   | 3 4 5 |  5.4

Action                   |  1- 3 |  4- 6 |  7- 9 || total
-------------------------+-------+-------+-------++-------
Melee: Unarmed           |    75 |   151 |   312 ||   538
       Kick              |    15 |    45 |    36 ||    96
       Tailslap          |    11 |    10 |    47 ||    68
       Headbutt          |     5 |    19 |    22 ||    46
       Punch             |     2 |     6 |     7 ||    15
 Cast: Beastly Appendage |    15 |    41 |    21 ||    77
 Abil: Breathe Acid      |       |       |    11 ||    11
  Use: Potion            |       |       |     3 ||     3
 Stab: Sleeping          |       |     2 |     2 ||     4
Armor: Skin              |    17 |    39 |    65 ||   121
Dodge: Dodged            |    46 |   101 |   242 ||   389

Table legend: (Time is in decaauts)
 A = Elapsed time spent in this place.
 B = Non-inter-level travel time spent in this place.
 C = Inter-level travel time spent in this place.
 D = Time resting spent in this place.
 E = Time spent auto-exploring this place.
 F = Levels seen in this place.
 G = Mean time per level.
                   A        B        C        D        E       F      G
               +--------+--------+--------+--------+--------+-----+--------+
         Total |   7407 |   7174 |    233 |      0 |   6048 |   9 |  823.0 |
       Dungeon |   7407 |   7174 |    233 |      0 |   6048 |   9 |  823.0 |
               +--------+--------+--------+--------+--------+-----+--------+

Top non-repeatable levels by time:
     D:6: 1208 daAuts
     D:4: 992 daAuts
     D:2: 986 daAuts
     D:3: 865 daAuts
     D:8: 857 daAuts
     D:5: 843 daAuts
     D:7: 835 daAuts
     D:1: 763 daAuts
     D:9: 54 daAuts
